 Dungeon Crawl Stone Soup version 0.29-a0-384-g6960b1960d (webtiles) character file.

Game seed: 3400015588782592227

1648674 fictitious the Slayer (level 26, 258/258 HPs)
             Began as a Minotaur Fighter on Dec 6, 2020.
             Was an Elder of Okawaru.
             Escaped with the Orb
             ... and 3 runes on May 6, 2022!
             The game lasted 05:16:01 (69836 turns).

fictitious the Slayer (Minotaur Fighter)           Turns: 69836, Time: 05:16:02

Health: 258/258    AC: 47    Str: 29    XL:     26   Next: 0%
Magic:  31/31      EV: 16    Int: 13    God:    Okawaru [****..]
Gold:   6711       SH: 33    Dex: 12    Spells: 25/25 levels left

rFire   + + .      SeeInvis +   b - +6 broad axe (elec) {god gift}
rCold   + + +      Faith    .   D - +7 tower shield "Washup" {god gift, rPois rC+++ Str-3 Int+3}
rNeg    + + .      Spirit   +   K - +18 shadow dragon scales of Yredelemnul {+Blink Int+3 Slay+2 Stlth++++}
rPois   +          Reflect  +   N - +2 hat of the Bear Spirit {Spirit, *Rage Will++}
rElec   +          Harm     .   u - scarf {rC+ rF+}
rCorr   +          Rampage  .   W - +2 pair of gloves
Will    ++++.      Rage     20% h - +0 pair of boots of Tagenif {-Cast *Corrode Str+8 Dex+5}
Stlth   +......... NoCast   +   x - amulet of Hospitality {Reflect rElec Regen+ rCorr Dex-4 SH+5}
HPRegen 1.33/turn               c - ring of Izacwuti {rF+ Will+}
MPRegen 0.22/turn               Z - ring of Udotwap {Fly rN++ rCorr Str-5 SInv}

@: flying, hasted, studying Poison Magic, very quick
A: horns 2, retaliatory headbutt
0: Orb of Zot
}: 3/15 runes: serpentine, barnacled, silver
a: Renounce Religion, Evoke Blink, Heroism, Finesse


You escaped.
You worshipped Okawaru.
Okawaru was greatly pleased with you.
You visited 10 branches of the dungeon, and saw 49 of its levels.
You visited the Abyss 2 times.
You also visited: Trove, Gauntlet and Volcano.

You collected 7491 gold pieces.
You spent 780 gold pieces at shops.

Inventory:

Hand Weapons
 a - the +9 war axe "Goch" {god gift, vorpal, rF+ rN+ Int+2}
   (Okawaru gifted it to you on level 4 of the Lair of Beasts)

   It inflicts extra damage upon your enemies.
   Int:       It affects your intelligence (+2).
   rF:        It protects you from fire.
   rN:        It protects you from negative energy.
 b - a +6 broad axe of electrocution (weapon) {god gift}
 C - the +11 hand axe of the Grinning Asp {god gift, vamp, Str+2 Dex+4}
   (Okawaru gifted it to you on level 2 of the Lair of Beasts)

   It occasionally heals its wielder for a portion of the damage dealt when it
   wounds a living foe.
   Str:       It affects your strength (+2).
   Dex:       It affects your dexterity (+4).
 R - a +2 demon whip of venom
Missiles
 q - 63 javelins
 O - 37 silver javelins (quivered) {god gift}
Armour
 h - the +0 pair of boots of Tagenif (worn) {-Cast *Corrode Str+8 Dex+5}
   (You found it in a Gauntlet)

   Str:       It affects your strength (+8).
   Dex:       It affects your dexterity (+5).
   -Cast:     It prevents spellcasting.
   *Corrode:  It may corrode you when you take damage.
 i - the +2 cloak "Silom" {god gift, rF- Str+4 Int+2 Dex+4}
   (Okawaru gifted it to you on level 2 of the Vaults)

   Str:       It affects your strength (+4).
   Int:       It affects your intelligence (+2).
   Dex:       It affects your dexterity (+4).
   rF:        It makes you vulnerable to fire.
 r - +0 gold dragon scales
 u - a scarf of resistance (worn)
 y - the +2 hat "Earthly Heaven" {rElec}
   (You found it on level 3 of the Snake Pit)

   rElec:     It insulates you from electricity.
 D - the +7 tower shield "Washup" (worn) {god gift, rPois rC+++ Str-3 Int+3}
   (Okawaru gifted it to you on level 2 of the Orcish Mines)

   Str:       It affects your strength (-3).
   Int:       It affects your intelligence (+3).
   rC:        It renders you almost immune to cold.
   rPois:     It protects you from poison.
 K - the +18 shadow dragon scales of Yredelemnul (worn) {+Blink Int+3 Slay+2 Stlth++++}
   (You took it off a rakshasa on level 2 of the Depths)

   Int:       It affects your intelligence (+3).
   Slay:      It affects your accuracy & damage with ranged weapons and melee
   (+2).
   +Blink:    It lets you blink.
   Stlth:     It makes you much more stealthy.
 L - the +0 pair of boots "Pacvonoo" {god gift, Will+ Int+3}
   (Okawaru gifted it to you on level 3 of the Vaults)

   Int:       It affects your intelligence (+3).
   Will:      It increases your willpower.
 N - the +2 hat of the Bear Spirit (worn) {Spirit, *Rage Will++}
   (You found it on level 5 of the Vaults)

   Going berserk makes the wearer tougher, and they're slowed less afterward.
   *Rage:     It berserks you when you make melee attacks (+20% chance).
   Will:      It greatly increases your willpower.
 W - a +2 pair of gloves (worn)
Jewellery
 c - the ring of Izacwuti (left hand) {rF+ Will+}
   (You found it in a treasure trove)

   [ring of protection from fire]

   rF:        It protects you from fire.
   Will:      It increases your willpower.
 p - a ring of protection from cold
 x - the amulet of Hospitality (around neck) {Reflect rElec Regen+ rCorr Dex-4 SH+5}
   (You took it off a deep elf blademaster on level 3 of the Elven Halls)

   [amulet of reflection]

   It reflects blocked missile attacks.
   Dex:       It affects your dexterity (-4).
   rElec:     It insulates you from electricity.
   Regen:     It increases your rate of health regeneration.
   rCorr:     It protects you from acid and corrosion.
   SH:        It affects your SH (+5).
 X - the ring of Wenar {rPois Dex+6}
   (You found it in a Gauntlet)

   [ring of dexterity]

   Dex:       It affects your dexterity (+6).
   rPois:     It protects you from poison.
 Y - the ring of the Rabble {+Blink rN+ rCorr Str-2 Dex+5}
   (You found it in a treasure trove)

   [ring of positive energy]

   Str:       It affects your strength (-2).
   Dex:       It affects your dexterity (+5).
   rN:        It protects you from negative energy.
   +Blink:    It lets you blink.
   rCorr:     It protects you from acid and corrosion.
 Z - the ring of Udotwap (right hand) {Fly rN++ rCorr Str-5 SInv}
   (You found it in a treasure trove)

   [ring of flight]

   Str:       It affects your strength (-5).
   rN:        It greatly protects you from negative energy.
   SInv:      It lets you see invisible.
   Fly:       It grants you flight.
   rCorr:     It protects you from acid and corrosion.
Wands
 A - a wand of acid (41)
 B - a wand of iceblast (34)
 I - a wand of digging (32)
Scrolls
 e - 20 scrolls of teleportation
 f - 2 scrolls of amnesia
 g - 8 scrolls of fear
 k - 10 scrolls of fog
 m - 5 scrolls of magic mapping
 n - 8 scrolls of immolation
 o - 6 scrolls of blinking {!r}
 w - 10 scrolls of poison
 G - a scroll of silence
 J - a scroll of enchant weapon
 M - a scroll of brand weapon {!r}
 S - 10 scrolls of enchant armour
Potions
 d - 9 potions of flight
 j - 5 potions of invisibility
 l - 3 potions of resistance
 s - 2 potions of attraction
 t - 12 potions of mutation {!q}
 v - 4 potions of cancellation
 z - 14 potions of ambrosia
 E - 11 potions of curing
 F - 4 potions of haste {!q}
 H - 3 potions of berserk rage
 T - 9 potions of heal wounds
 U - 11 potions of might
 V - 4 potions of magic


   Skills:
 + Level 25.1 Fighting
 + Level 24.6(25.1) Axes
 - Level 9.3(18.5) Maces & Flails
 + Level 17.4 Throwing
 + Level 21.4 Armour
 + Level 21.2 Dodging
 + Level 21.4 Shields
 - Level 12.0 Invocations


You had 25 spell levels left.
You didn't know any spells.
Your spell library contained the following spells:

 Spells                   Type           Power      Damage    Failure   Level
 Apportation              Tloc           0%         N/A       82%         1
 Beastly Appendage        Tmut           0%         N/A       82%         1
 Magic Dart               Conj           0%         1d3       82%         1
 Slow                     Hex            0%         N/A       82%         1
 Sting                    Tmut/Pois      0%         1d3       82%         1
 Blink                    Tloc           0%         N/A       91%         2
 Corpse Rot               Necr/Air       0%         N/A       91%         2
 Ensorcelled Hibernation  Hex/Ice        0%         N/A       91%         2
 Poisonous Vapours        Pois/Air       0%         N/A       91%         2
 Scorch                   Fire           0%         2d5       91%         2
 Searing Ray              Conj           0%         2d4       91%         2
 Static Discharge         Conj/Air       0%         N/A       91%         2
 Sublimation of Blood     Necr           0%         N/A       91%         2
 Wereblood                Tmut           0%         N/A       91%         2
 Conjure Flame            Conj/Fire      0%         6-21      99%         3
 Dazzling Flash           Conj/Hex       0%         N/A       99%         3
 Frozen Ramparts          Ice            0%         1d2       99%         3
 Gell's Gravitas          Tloc           0%         N/A       99%         3
 Lesser Beckoning         Tloc           0%         N/A       99%         3
 Mephitic Cloud           Conj/Pois/Air  0%         N/A       99%         3
 Ozocubu's Armour         Ice            0%         N/A       99%         3
 Portal Projectile        Hex/Tloc       0%         N/A       99%         3
 Spider Form              Tmut/Pois      0%         N/A       99%         3
 Teleport Other           Tloc           0%         N/A       99%         3
 Airstrike                Air            0%         N/A       100%        4
 Cause Fear               Hex            0%         N/A       100%        4
 Dispel Undead            Necr           0%         3d6       100%        4
 Flame Wave               Conj/Fire      0%         2d4       100%        4
 Fulminant Prism          Conj/Hex       0%         3d6       100%        4
 Hailstorm                Conj/Ice       0%         3d3       100%        4
 Ice Form                 Ice/Tmut       0%         N/A       100%        4
 Iskenderun's Mystic Bla  Conj/Tloc      0%         2d3       100%        4
 Leda's Liquefaction      Hex/Erth       0%         N/A       100%        4
 Olgreb's Toxic Radiance  Pois           0%         N/A       100%        4
 Passage of Golubria      Tloc           0%         N/A       100%        4
 Petrify                  Tmut/Erth      0%         N/A       100%        4
 Sticky Flame             Conj/Fire      0%         2d3       100%        4
 Blade Hands              Tmut           0%         N/A       100%        5
 Borgnjor's Vile Clutch   Necr/Erth      0%         N/A       100%        5
 Excruciating Wounds      Necr           0%         N/A       100%        5
 Fireball                 Conj/Fire      0%         3d3       100%        5
 Freezing Cloud           Conj/Ice/Air   0%         6-21      100%        5
 Irradiate                Conj/Tmut      0%         3d13      100%        5
 Lightning Bolt           Conj/Air       0%         1d11      100%        5
 Manifold Assault         Tloc           0%         N/A       100%        5
 Metabolic Englaciation   Hex/Ice        0%         N/A       100%        5
 Silence                  Hex/Air        0%         N/A       100%        5
 Dispersal                Tloc           0%         N/A       100%        6
 Iron Shot                Conj/Erth      0%         9d1       100%        6
 Starburst                Conj/Fire      0%         6d3       100%        6
 Statue Form              Tmut/Erth      0%         N/A       100%        6
 Dragon Form              Tmut           0%         N/A       100%        7
 Storm Form               Tmut/Air       0%         N/A       100%        7
 Disjunction              Tloc           0%         N/A       100%        8
 Ignition                 Fire           0%         3d3       100%        8
 Lehudib's Crystal Spear  Conj/Erth      0%         10d2      100%        8
 Maxwell's Capacitive Co  Air            0%         ∞         100%        8
 Chain Lightning          Conj/Air       0%         N/A       100%        9
 Fire Storm               Conj/Fire      0%         5d1       100%        9
 Polar Vortex             Ice            0%         N/A       100%        9
 Shatter                  Erth           0%         3d5*      100%        9
 Animate Skeleton         Necr           Unusable   N/A       N/A         1
 Summon Small Mammal      Summ           Unusable   N/A       N/A         1
 Call Imp                 Summ           Unusable   N/A       N/A         2
 Call Canine Familiar     Summ           Unusable   N/A       N/A         3
 Animate Armour           Summ/Erth      Unusable   N/A       N/A         4
 Animate Dead             Necr           Unusable   N/A       N/A         4
 Summon Ice Beast         Ice/Summ       Unusable   N/A       N/A         4
 Summon Lightning Spire   Summ/Air       Unusable   N/A       N/A         4
 Death Channel            Necr           Unusable   N/A       N/A         6
 Simulacrum               Ice/Necr       Unusable   N/A       N/A         6
 Summon Cactus Giant      Summ           Unusable   N/A       N/A         6
 Dragon's Call            Summ           Unusable   N/A       N/A         9

Dungeon Overview and Level Annotations

Branches:
Dungeon (15/15)            Temple (1/1) D:4            Lair (6/6) D:10
 Shoals (4/4) Lair:2        Snake (4/4) Lair:4        Slime (0/5) Lair:5
    Orc (2/2) D:10            Elf (3/3) Orc:2        Vaults (5/5) D:13
  Crypt (0/3) Vaults:3     Depths (4/5) D:15            Zot (5/5) Depths:4
Volcano (visited)         Gauntlet (visited)

Altars:
Cheibriados
Dithmenos
Elyvilon
Fedhas
Gozag
Kikubaaqudgha
Makhleb
Nemelex Xobeh
Okawaru
Qazlal
Ru
Sif Muna
Trog
Uskayaw
Vehumet
Wu Jian
Xom
Zin
The Shining One
Beogh
Jiyva
Lugonu

Shops:
D:8 (   Orc:2 ([[((   Elf:3 ?(   Vaults:2 ?   Vaults:3 (   Depths:2 [*
Depths:3 *

Portals:
Hell: Depths:1 Depths:2 Depths:3 Depths:4
Abyss: Lair:6 Depths:1 Depths:3
Pandemonium: Depths:2 Depths:4
Ziggurat: Depths:4

Annotations:
Vaults:3 3 runed translucent doors, Boris; Tang's ghost, master DsGl
Zot:3 2 transporters, Ytolar's ghost, legendary DsFi


Innate Abilities, Weirdness & Mutations

You have a pair of horns on your head.
You reflexively headbutt those who attack you in melee.


Message History

(D) Dungeon (T) Temple (L) Lair (A) Shoals (P) Snake Pit (M) Slime Pits (O) Orcish Mines (E) Elven Halls (V) Vaults (C) Crypt (U) Depths (H) Hell (Z) Zot
Where to? (Enter - D:1 @ (x,y), ? - help)
There is an open door here.
A hell beast comes into view.
The hell beast moves out of view.
There is a stone staircase leading up here.
You fly upwards.
There is a stone staircase leading down here.
(D) Dungeon (T) Temple (L) Lair (A) Shoals (P) Snake Pit (M) Slime Pits (O) Orcish Mines (E) Elven Halls (V) Vaults (C) Crypt (U) Depths (H) Hell (Z) Zot
Where to? (Enter - D:1 @ (x,y), ? - help)
You see here a +0 leather armour.
You see here a -1 club.
HP restored.
You see here a +0 dagger.
There is a stone staircase leading up here.
You fly upwards.
There is a stone staircase leading down here.
You see here 17 sling bullets.
There is a stone staircase leading up here.
You fly upwards.
There is a stone staircase leading down here.
An Orb Guardian comes into view.
Really quaff
F - 5 potions of haste {!q}?
You feel yourself speed up.
An Orb Guardian is nearby!
An Orb Guardian is nearby!
A hellwing comes into view.
The hellwing swoops through the air toward you!
You block the hellwing's attack. The hellwing misses you.
You block the hellwing's attack.
The hellwing hits you but does no damage.
There is a staircase leading out of the dungeon here.
You have escaped!

################
#.............>###
#..#..#..#..#.....
#...............##
#...............#
#@...4........>.#
#...............#
#...............#
#..#..#..#..#..##
#.............>#
################


You could see a hellwing.

Vanquished Creatures
  A pandemonium lord (D:9)
  6 dread liches
  2 ancient liches (Zot:5)
  Mara (Arena)
  2 orbs of fire
  A juggernaut (Depths:3)
  Mennas (Vaults:4)
  Vv (Depths:3)
  6 Killer Klowns
  Margery (Vaults:4)
  Nikola (Depths:2)
  9 golden dragons
  The ghost of Wicel the Warrior, an adept MiBe of Trog (Elf:1)
  2 Tzitzimimeh
  5 electric golems
  12 tentacled monstrosities
  A hellephant (Zot:1)
  2 liches
  A Hell Sentinel (Abyss:4)
  26 Orb Guardians
  5 quicksilver dragons
  Asterion (Vaults:1)
  5 deep elf blademasters
  6 titans
  A deep elf master archer (Elf:3)
  A sphinx (shapeshifter) (Vaults:5)
  13 death cobs
  3 tentacled starspawn (Abyss:4)
  A kraken (Shoals:2)
  Kirke (D:14)
  6 sphinxes
  An ancient champion (Elf:1)
  5 tengu reavers
  12 storm dragons
  10 shadow dragons
  7 nagarajas
  The ghost of Antichthon the Bludgeoner, an adept GrGl of the Shining One (Snake:3)
  5 deep elf sorcerers (Elf:3)
  A rockslime (Zot:5)
  7 draconian monks
  19 vault wardens
  3 fire giants
  7 draconian knights
  Ilsuiw (Shoals:2)
  9 frost giants
  A ghost moth (shapeshifter) (Vaults:5)
  Aizul (Snake:2)
  Louise (Depths:1)
  A balrug (Depths:1)
  2 iron dragons (Vaults:5)
  A draconian scorcher (Zot:4)
  3 ghost moths
  An orc warlord (Elf:3)
  3 draconian shifters
  23 ironbound preservers
  22 very ugly things
  2 draconian stormcallers
  4 draconian annihilators
  5 deep elf elementalists
  7 ironbound thunderhulks
  10 stone giants
  5 vampire knights
  5 deep elf demonologists
  5 green draconians
  11 red draconians
  An entropy weaver (Vaults:5)
  5 black draconians
  A minotaur (Gauntlet)
  12 deep elf annihilators (Elf:3)
  4 yellow draconians
  2 spark wasps (Depths:1)
  5 white draconians
  Snorg (D:14)
  7 dire elephants
  8 purple draconians
  2 deep elf death magi
  The ghost of Moesa the Fencer, a journeyman GrFi of Qazlal (Orc:1)
  A green death (Depths:4)
  13 ettins
  9 merfolk impalers
  6 merfolk javelineers
  3 fire dragons
  8 yaktaur captains
  3 crystal guardians
  5 great orbs of eyes
  41 vault guards
  6 deep elf high priests
  The ghost of sokol815 the Cleaver, a journeyman HOFi of Gozag (Lair:1)
  3 ogre magi
  2 salamander tyrants (Snake:4)
  A hell beast (Depths:2)
  2 peacekeepers
  4 hydras
  5 rakshasas (Depths:2)
  2 catoblepae
  2 spriggan air magi
  4 boulder beetles
  6 ironbound frosthearts
  4 ice dragons
  An alligator (shapeshifter) (Depths:2)
  2 merfolk avatars
  An anaconda (shapeshifter) (Vaults:5)
  13 two-headed ogres
  7 anacondas
  18 centaur warriors
  29 dancing weapons
  13 naga warriors
  2 satyrs
  5 alligator snapping turtles
  A deep troll shaman (Depths:2)
  4 death yaks (Lair:3)
  4 hell hogs
  3 tengu warriors
  5 merfolk aquamancers
  A deep troll earth mage (Depths:3)
  21 naga sharpshooters
  10 vampire magi
  3 thrashing horrors
  9 orc high priests
  5 shock serpents
  2 spriggan berserkers (Depths:3)
  Nergalle (D:10)
  2 sun demons (Depths:1)
  Urug (D:10)
  9 hell knights
  2 soul eaters
  The ghost of SoEpicPie the Protected, a novice DDFi of Xom (D:12)
  An entropy weaver zombie (Vaults:5)
  Amaemon (D:8)
  A titan skeleton (Vaults:3)
  25 deep elf knights
  3 salamander mystics
  5 skeletal warriors (Vaults:3)
  3 iron trolls (Depths:2)
  A storm dragon skeleton (Vaults:3)
  6 shadow wraiths
  The ghost of domi the Summoner, a novice DsWz of Gozag (D:8)
  53 deep trolls
  A death drake (shapeshifter) (Vaults:5)
  A sea snake (shapeshifter) (Depths:2)
  A cherub (D:9)
  9 sea snakes
  9 naga ritualists
  3 flayed ghosts
  6 phantasmal warriors
  11 deep elf archers
  3 shadow demons (Depths:2)
  17 wizards
  An obsidian statue (Zot:5)
  2 harpies (shapeshifter)
  6 lindwurms
  9 glowing orange brains
  An orange crystal statue (Elf:3)
  9 mana vipers
  22 orc knights
  20 ironbound convokers
  14 fauns
  24 deep elf pyromancers
  A mana viper (shapeshifter) (Lair:6)
  21 harpies
  5 necromancers
  An orc sorcerer (Orc:2)
  57 ugly things
  8 cyclopes
  32 deep elf zephyrmancers
  2 wolf spiders (shapeshifter)
  19 moths of wrath
  A golden dragon skeleton (Vaults:3)
  13 manticores
  A stone giant zombie (Vaults:5)
  6 salamanders
  12 large abominations
  A manticore (shapeshifter) (Depths:1)
  2 sphinx skeletons (Vaults:3)
  A human zombie (Vaults:1)
  3 centaur zombies (D:15)
  22 elephants
  A worldbinder (Abyss:4)
  9 merfolk sirens
  13 vault sentinels
  2 guardian serpents (Snake:4)
  5 molten gargoyles
  2 frost giant skeletons
  42 black mambas
  4 water nymphs (Shoals:4)
  An ice statue (D:12)
  2 rust devils (Depths:4)
  Maurice (D:8)
  12 smoke demons
  9 cane toads
  21 naga magi
  A torpor snail (Lair:5)
  A gargoyle (D:12)
  3 orange demons
  2 unseen horrors
  11 komodo dragons
  An efreet (D:13)
  27 yaktaurs
  2 rime drakes
  2 freezing wraiths
  A spectral salamander (Snake:3)
  A red devil (Depths:2)
  3 ice devils
  3 ancient zymes
  A hellwing (D:10)
  4 human skeletons
  A redback zombie (D:15)
  A queen bee (D:10)
  10 trolls
  3 polar bears
  22 merfolk
  A yaktaur skeleton (Vaults:3)
  11 wind drakes
  A troll (shapeshifter) (Elf:3)
  2 hornets
  A hornet (shapeshifter) (D:15)
  A dream sheep (Lair:1)
  20 slime creatures
  Grinder (D:5)
  A raiju (shapeshifter) (D:13)
  A stone giant simulacrum (Vaults:5)
  A snapping turtle (shapeshifter) (Vaults:5)
  20 blink frogs
  2 elf zombies
  2 spectral black mambas (Snake:3)
  Sigmund (D:6)
  9 air elementals
  An elf skeleton (Vaults:3)
  15 snapping turtles
  A culicivora (shapeshifter) (Elf:3)
  9 flying skulls (Gauntlet)
  4 ynoxinuls
  2 shadows
  A shock serpent simulacrum (Snake:3)
  2 spriggans
  37 water elementals
  A jumping spider (shapeshifter) (Lair:6)
  A basilisk (shapeshifter) (Vaults:5)
  7 fire elementals
  4 starcursed masses (Abyss:4)
  61 yaks
  3 wyverns (D:9)
  A deep troll skeleton (Vaults:3)
  An ettin skeleton (Vaults:3)
  A vampire (D:12)
  A wyvern (shapeshifter) (Vaults:5)
  11 basilisks
  2 hogs (D:14)
  8 humans
  Eustachio (D:5)
  9 vampire mosquitoes
  Grum (D:8)
  3 chaos spawn
  A steam dragon (D:8)
  Edmund (D:6)
  4 wargs
  38 nagas
  19 water moccasins
  2 acid dragons
  4 hell hounds (D:10)
  2 guardian serpent simulacra (Snake:3)
  50 orc warriors
  An ice beast (D:6)
  2 sky beasts
  2 black bears
  2 necrophages
  12 ogres
  15 wolves
  12 centaurs
  9 bullfrogs
  A kobold brigand (D:10)
  An ogre simulacrum (Vaults:1)
  A gnoll sergeant (D:9)
  3 earth elementals
  A water moccasin zombie (D:5)
  5 wights (D:9)
  33 killer bees
  8 howler monkeys
  An electric eel (D:15)
  2 crimson imps (Gauntlet)
  5 hounds
  A lava snake (Elf:2)
  A bullfrog zombie (D:5)
  2 jellies
  Crazy Yiuf (D:3)
  29 orc priests
  4 centaur skeletons
  23 small abominations
  A gnoll shaman (D:8)
  Jessica (D:3)
  Natasha (thrice) (D:3)
  An iguana (D:7)
  23 orc wizards
  A lightning spire (Zot:2)
  2 removed worker ants
  9 ghosts (D:5)
  A hound skeleton (D:4)
  A removed worker ant zombie (D:5)
  12 gnolls
  10 adders
  3 naga simulacra (Snake:3)
  A shadow imp (D:5)
  3 ufetubi
  2 endoplasms
  An adder skeleton (D:5)
  3 worms
  2 dart slugs
  101 orcs
  4 removed leopard geckos
  7 giant cockroaches
  8 hobgoblins
  13 jackals
  14 kobolds
  5 quokkas
  2 ball pythons
  8 bats
  5 frilled lizards
  7 goblins
  A quokka skeleton (D:5)
  4 rats
  A lurking horror (Abyss:4)
  A starspawn tentacle (Abyss:4)
  2 tentacles (Shoals:2)
2206 creatures vanquished.

Vanquished Creatures (others)
  An Orb Guardian (Zot:5)
  A vampire mage (Depths:2)
  A deep elf knight (Elf:3)
  A deep elf zephyrmancer (Elf:3)
  A moth of wrath (Zot:2)
  A naga mage (Snake:1)
  A human (Zot:1)
  A demonic plant (Gauntlet)
  33 fungi
  90 plants
  9 starspawn tentacles (Abyss:4)
  2 tentacles (Shoals:2)
142 creatures vanquished.

Grand Total: 2348 creatures vanquished

Notes
Turn   | Place    | Note
-------+----------+-------------------------------------------
     0 | D:1      | fictitious the Minotaur Fighter began the quest for the
                  | Orb.
     0 | D:1      | Reached XP level 1. HP: 19/19 MP: 0/0
   418 | D:1      | Reached XP level 2. HP: 22/26 MP: 1/1
   931 | D:2      | Reached XP level 3. HP: 31/31 MP: 2/2
  1285 | D:2      | Reached skill level 5 in Axes
  1592 | D:2      | Reached XP level 4. HP: 39/39 MP: 3/3
  2429 | D:3      | Found a runed translucent door.
  2430 | D:3      | Noticed Crazy Yiuf
  2498 | D:3      | Killed Crazy Yiuf
  2733 | D:3      | Noticed Natasha
  2736 | D:3      | Killed Natasha
  2737 | D:3      | Reached XP level 5. HP: 45/45 MP: 4/4
  2794 | D:3      | Noticed Natasha
  2800 | D:3      | Killed Natasha
  2968 | D:3      | Noticed Jessica
  3056 | D:3      | Killed Jessica
  3057 | D:3      | Reached XP level 6. HP: 50/51 MP: 5/5
  3364 | D:3      | Noticed Natasha
  3368 | D:3      | Killed Natasha
  3815 | D:4      | Found a blossoming altar of Fedhas.
  3898 | D:4      | Reached skill level 4 in Fighting
  3958 | D:4      | Found a staircase to the Ecumenical Temple.
  3967 | Temple   | Entered the Ecumenical Temple
  4044 | Temple   | Became a worshipper of Warmaster Okawaru
  4109 | D:4      | Reached XP level 7. HP: 54/59 MP: 6/6
  4606 | D:4      | Reached skill level 5 in Shields
  5131 | D:5      | Entered Level 5 of the Dungeon
  5158 | D:5      | Noticed Eustachio
  5189 | D:5      | Killed Eustachio
  5191 | D:5      | Found the +9 staff of Olgreb {rPois∞}
  5213 | D:5      | Noticed Grinder
  5223 | D:5      | Killed Grinder
  5223 | D:5      | Reached * piety under Okawaru
  5224 | D:5      | Reached skill level 5 in Fighting
  5224 | D:5      | Reached skill level 5 in Armour
  5272 | D:5      | Reached XP level 8. HP: 43/68 MP: 7/7
  5876 | D:5      | Found a runed translucent door.
  5920 | D:5      | Found a runed translucent gate.
  5920 | D:5      | Found a runed translucent gate.
  5947 | D:5      | Found a runed translucent gate.
  5955 | D:5      | Found a runed translucent door.
  6439 | D:6      | Reached skill level 1 in Invocations
  6638 | D:6      | Noticed Sigmund
  6694 | D:7      | Reached ** piety under Okawaru
  6953 | D:7      | Reached XP level 9. HP: 74/74 MP: 10/10
  7014 | D:7      | Reached skill level 6 in Fighting
  7018 | D:7      | Reached skill level 10 in Axes
  7633 | D:6      | Killed Sigmund
  7681 | D:6      | Found a shimmering altar of Xom.
  7788 | D:6      | Noticed Edmund
  7803 | D:6      | Killed Edmund
  7804 | D:6      | Reached skill level 5 in Invocations
  7997 | D:6      | Reached skill level 7 in Fighting
  8203 | D:7      | Upgraded the game from 0.26-a0-980-g0fe3eaa9ac to
                  | 0.29-a0-362-g5854e031c7
  8254 | D:8      | Noticed Maurice
  8269 | D:8      | Killed Maurice
  8335 | D:8      | Reached skill level 8 in Fighting
  8405 | D:8      | Found a transporter.
  8410 | D:8      | Noticed domi's ghost (novice DsWz)
  8413 | D:8      | Found a bloodstained altar of Trog.
  8413 | D:8      | Found a transporter.
  8421 | D:8      | Noticed a moth of wrath
  8524 | D:8      | Upgraded the game from 0.29-a0-362-g5854e031c7 to
                  | 0.29-a0-384-g6960b1960d
  8649 | D:8      | Reached *** piety under Okawaru
  8668 | D:8      | Reached XP level 10. HP: 30/90 MP: 11/13
  8952 | D:8      | Noticed Grum
  8961 | D:8      | Noticed Amaemon
  8998 | D:8      | Killed Grum
  9021 | D:8      | Killed Amaemon
  9022 | D:8      | Reached skill level 9 in Fighting
  9303 | D:8      | Noticed an orange demon
  9325 | D:8      | Killed an orange demon
  9865 | D:8      | Found a shadowy altar of Dithmenos.
  9892 | D:8      | Reached **** piety under Okawaru
 10103 | D:8      | Found Gesiy's Antique Weapon Shop.
 10316 | D:9      | Reached skill level 10 in Fighting
 10432 | D:9      | Noticed a two-headed ogre
 10446 | D:9      | Killed a two-headed ogre
 11688 | D:10     | Entered Level 10 of the Dungeon
 11688 | D:10     | Found a staircase to the Orcish Mines.
 11714 | D:10     | Reached XP level 11. HP: 101/101 MP: 14/16
 11770 | D:10     | Paralysed by a hornet for 3 turns
 11789 | D:10     | Reached ***** piety under Okawaru
 12113 | D:10     | Noticed a two-headed ogre
 12121 | D:10     | Killed a two-headed ogre
 12122 | D:10     | Reached skill level 11 in Fighting
 12160 | D:10     | Reached skill level 5 in Maces & Flails
 12188 | D:10     | Found a staircase to the Lair.
 12205 | D:10     | Noticed Nergalle
 12226 | D:10     | Killed Nergalle
 12723 | D:10     | Noticed Urug
 12740 | D:10     | Killed Urug
 13855 | Lair:1   | Entered Level 1 of the Lair of Beasts
 13867 | Lair:1   | Noticed sokol815's ghost (journeyman HOFi)
 14084 | D:5      | Reached skill level 12 in Fighting
 14822 | Lair:1   | Found a transporter.
 14833 | Lair:1   | Found a transporter.
 15296 | Lair:2   | Reached XP level 12. HP: 112/112 MP: 18/18
 15339 | Lair:2   | Found a staircase to the Shoals.
 15459 | Lair:2   | Identified the +11 hand axe of the Grinning Asp {god gift,
                  | vamp, Str+2 Dex+4} (Okawaru gifted it to you on level 2 of
                  | the Lair of Beasts)
 15459 | Lair:2   | Received a gift from Okawaru
 15612 | Lair:2   | Reached skill level 10 in Invocations
 16120 | Lair:3   | Noticed a death yak
 16120 | Lair:3   | Noticed a death yak
 16120 | Lair:3   | Noticed a death yak
 16128 | Lair:3   | Noticed a death yak
 16132 | Lair:3   | Killed a death yak
 16147 | Lair:3   | Killed a death yak
 16155 | Lair:3   | Killed a death yak
 16158 | Lair:3   | Killed a death yak
 16980 | Lair:4   | Identified the +9 war axe "Goch" {god gift, vorpal, rF+ rN+
                  | Int+2} (Okawaru gifted it to you on level 4 of the Lair of
                  | Beasts)
 16980 | Lair:4   | Received a gift from Okawaru
 16990 | Lair:4   | Reached skill level 1 in Dodging
 17014 | Lair:4   | Noticed a seven-headed hydra
 17024 | Lair:4   | Killed a seven-headed hydra
 17197 | Lair:4   | Found a staircase to the Snake Pit.
 17437 | Lair:4   | Reached XP level 13. HP: 108/119 MP: 19/19
 17920 | Lair:5   | Reached skill level 13 in Fighting
 17926 | Lair:5   | Reached skill level 10 in Armour
 18429 | Lair:5   | Found a viscous altar of Jiyva.
 18429 | Lair:5   | Found a staircase to the Slime Pits.
 18448 | Lair:5   | Received a gift from Okawaru
 18451 | Lair:5   | Reached ****** piety under Okawaru
 18815 | Lair:6   | Entered Level 6 of the Lair of Beasts
 18861 | Lair:6   | Found a dark tunnel.
 18872 | Volcano  | Entered a volcano
 20259 | Lair:6   | Reached XP level 14. HP: 130/130 MP: 18/21
 20371 | Lair:6   | Reached skill level 5 in Dodging
 20371 | Lair:6   | Reached skill level 10 in Shields
 20371 | Lair:6   | Reached XP level 15. HP: 137/137 MP: 22/22
 20476 | Lair:6   | Reached skill level 15 in Axes
 20492 | Lair:6   | Reached skill level 14 in Fighting
 20567 | Lair:6   | Received a gift from Okawaru
 20593 | Lair:6   | Found a corrupted altar of Lugonu.
 20593 | Lair:6   | Found a one-way gate to the infinite horrors of the Abyss.
 21110 | Orc:1    | Entered Level 1 of the Orcish Mines
 21110 | Orc:1    | Noticed Moesa's ghost (journeyman GrFi)
 21167 | Orc:1    | Found a runed translucent door.
 21239 | D:10     | Reached skill level 1 in Throwing
 21779 | Orc:2    | Entered Level 2 of the Orcish Mines
 21779 | Orc:2    | Found Xirhymoe's Antique Weapon Shoppe.
 21871 | Orc:2    | Found a staircase to the Elven Halls.
 22018 | Orc:2    | Identified the +7 tower shield "Washup" {god gift, rPois
                  | rC+++ Str-3 Int+3} (Okawaru gifted it to you on level 2 of
                  | the Orcish Mines)
 22018 | Orc:2    | Received a gift from Okawaru
 22590 | Orc:2    | Found Widuir's Armour Boutique.
 22590 | Orc:2    | Found Guasywnu's Armour Boutique.
 22591 | Orc:2    | Found Wevuas's Weapon Boutique.
 22591 | Orc:2    | Found Monoryrph's Weapon Shop.
 22878 | Orc:1    | Killed Moesa's ghost
 23047 | D:8      | Killed domi's ghost
 23049 | D:8      | Got Sif Muna's Tome of Cold
 23243 | Lair:1   | Killed sokol815's ghost
 23341 | Snake:1  | Entered Level 1 of the Snake Pit
 23791 | Snake:1  | Reached skill level 15 in Fighting
 24369 | Snake:1  | Reached XP level 16. HP: 149/149 MP: 22/24
 24620 | Snake:2  | Received a gift from Okawaru
 24937 | Snake:2  | Noticed Aizul
 24961 | Snake:2  | Killed Aizul
 25786 | Snake:2  | Reached skill level 5 in Throwing
 25788 | Snake:2  | Received a gift from Okawaru
 26036 | Snake:3  | Found a runed translucent gate.
 26407 | Snake:3  | Received a gift from Okawaru
 26655 | Snake:3  | Found a runed translucent gate.
 26655 | Snake:3  | Found a runed translucent gate.
 26660 | Snake:3  | Noticed Antichthon's ghost (adept GrGl)
 27019 | Snake:3  | Killed Antichthon's ghost
 27026 | Snake:3  | Identified the +2 hat "Earthly Heaven" {rElec}
 27031 | Snake:3  | Identified the +4 great sword of Tuanoufu {vorpal, rC- rN+
                  | Int+3}
 27186 | Shoals:1 | Entered Level 1 of the Shoals
 27314 | Shoals:1 | Reached skill level 16 in Fighting
 28007 | Shoals:2 | Noticed Ilsuiw
 28018 | Shoals:2 | Killed Ilsuiw
 28019 | Shoals:2 | Reached XP level 17. HP: 129/158 MP: 18/25
 28021 | Shoals:2 | Noticed a kraken
 28026 | Shoals:2 | Received a gift from Okawaru
 28036 | Shoals:2 | Killed a kraken
 28109 | Shoals:2 | Reached skill level 15 in Shields
 28278 | Shoals:2 | Received a gift from Okawaru
 28994 | Shoals:3 | Received a gift from Okawaru
 29520 | Shoals:3 | Received a gift from Okawaru
 29937 | Shoals:4 | Entered Level 4 of the Shoals
 30024 | Shoals:4 | Paralysed by an air elemental for 1 turns
 30033 | Shoals:4 | Paralysed by an air elemental for 1 turns
 30140 | Shoals:4 | Identified the +0 kite shield "Dynu" {god gift, -Tele Int+3
                  | Dex+2 SInv} (Okawaru gifted it to you on level 4 of the
                  | Shoals)
 30140 | Shoals:4 | Received a gift from Okawaru
 30275 | Shoals:4 | Paralysed by an air elemental for 1 turns
 30279 | Shoals:4 | Paralysed by an air elemental for 1 turns
 30374 | Shoals:4 | Paralysed by an air elemental for 1 turns
 30378 | Shoals:4 | Paralysed by an air elemental for 1 turns
 30388 | Shoals:4 | Paralysed by an air elemental for 1 turns
 30392 | Shoals:4 | Paralysed by an air elemental for 1 turns
 30406 | Shoals:4 | Reached skill level 15 in Armour
 30415 | Shoals:4 | Reached skill level 10 in Dodging
 30575 | Shoals:4 | Reached skill level 17 in Fighting
 31053 | Shoals:4 | Noticed a titan
 31054 | Arena    | Entered the Arena
 31064 | Arena    | Killed a titan
 31126 | Shoals:4 | Found the +3 Mad Mage's Maulers {Infuse+∞ RegenMP Int-3}
 31134 | Shoals:4 | Got a barnacled rune of Zot
 31825 | Snake:4  | Entered Level 4 of the Snake Pit
 31863 | Snake:4  | Reached XP level 18. HP: 170/170 MP: 0/26
 32597 | Snake:4  | Received a gift from Okawaru
 32784 | Snake:4  | Received a gift from Okawaru
 32997 | Snake:4  | Received a gift from Okawaru
 33022 | Snake:4  | Reached skill level 18 in Fighting
 33078 | Snake:4  | Received a gift from Okawaru
 33136 | Snake:4  | Got a serpentine rune of Zot
 33856 | D:11     | Found a gate leading to a gauntlet.
 33870 | Gauntlet | Entered a Gauntlet
 33870 | Gauntlet | Found a transporter.
 33870 | Gauntlet | Found a transporter.
 33870 | Gauntlet | Found a runed translucent gate.
 33872 | Gauntlet | Found a transporter.
 33872 | Gauntlet | Found a transporter.
 33873 | Gauntlet | Found a runed translucent gate.
 33874 | Gauntlet | Found a runed translucent gate.
 33876 | Gauntlet | Found a transporter.
 33876 | Gauntlet | Found a transporter.
 33911 | Gauntlet | Found a runed translucent door.
 33913 | Gauntlet | Found a runed translucent door.
 33915 | Gauntlet | Found a transporter.
 33919 | Gauntlet | Found a transporter.
 33930 | Gauntlet | Found a transporter.
 33943 | Gauntlet | Found a transporter.
 33957 | Gauntlet | Found a transporter.
 33961 | Gauntlet | Found a transporter.
 34080 | Gauntlet | Identified the +0 pair of boots of Tagenif {-Cast *Corrode
                  | Str+8 Dex+5}
 34122 | Gauntlet | Identified the ring of Wenar {rPois Dex+6}
 34128 | Gauntlet | Identified the +7 plate armour of Sehuxieg {Str+3 Int+3}
 35260 | D:12     | Found a transporter.
 35265 | D:12     | Found a transporter.
 35414 | D:12     | Noticed SoEpicPie's ghost (novice DDFi)
 36827 | D:13     | Found a gate to the Vaults.
 37125 | D:13     | Identified the +1 leather armour of Objectivity {rN+ Int+2
                  | Dex-4}
 37177 | D:13     | Received a gift from Okawaru
 37834 | D:14     | Noticed Snorg
 37852 | D:14     | Killed Snorg
 38138 | D:14     | Received a gift from Okawaru
 38343 | D:14     | Noticed Kirke
 38357 | D:14     | Killed Kirke
 38741 | D:15     | Entered Level 15 of the Dungeon
 38957 | D:15     | Identified the +4 arbalest of Armageddon {penet, rC+ Dex+2}
 39038 | D:15     | Found a staircase to the Depths.
 39049 | D:15     | Reached XP level 19. HP: 180/180 MP: 1/27
 39338 | D:15     | Received a gift from Okawaru
 40241 | Elf:1    | Entered Level 1 of the Elven Halls
 40339 | Elf:1    | Reached skill level 19 in Fighting
 40534 | Elf:1    | Noticed Wicel's ghost (adept MiBe)
 40537 | Elf:1    | Paralysed by an air elemental for 1 turns
 40543 | Elf:1    | Found a runed translucent door.
 40818 | Elf:1    | Received a gift from Okawaru
 41062 | Elf:1    | Received a gift from Okawaru
 42119 | Elf:1    | Killed Wicel's ghost
 42681 | Elf:2    | Found a huge runed translucent gate.
 42681 | Elf:2    | Found a huge runed translucent gate.
 42682 | Elf:2    | Found a huge runed translucent gate.
 42683 | Elf:2    | Found a huge runed translucent gate.
 42689 | Elf:2    | Found a huge runed translucent gate.
 42845 | Elf:2    | Identified the +3 ring mail of Analysis {god gift, Stlth+}
                  | (Okawaru gifted it to you on level 2 of the Elven Halls)
 42845 | Elf:2    | Received a gift from Okawaru
 42845 | Elf:2    | Identified the +5 quarterstaff "Voyr" {vorpal, rC+ Int+3}
 43514 | Elf:2    | Reached skill level 10 in Throwing
 43947 | Elf:3    | Entered Level 3 of the Elven Halls
 43971 | Elf:3    | Reached skill level 20 in Fighting
 43972 | Elf:3    | Paralysed by an air elemental for 1 turns
 44271 | Elf:3    | Reached XP level 20. HP: 193/193 MP: 1/28
 44627 | Elf:3    | Found Voskaops's Weapon Boutique.
 44814 | Elf:3    | Found Yxkits's Magic Scroll Boutique.
 44822 | Elf:3    | Bought 2 scrolls of teleportation for 84 gold pieces
 44822 | Elf:3    | Bought a scroll of fog for 28 gold pieces
 44822 | Elf:3    | Bought a scroll of fog for 28 gold pieces
 44822 | Elf:3    | Bought a scroll of blinking for 105 gold pieces
 44822 | Elf:3    | Bought a scroll of teleportation for 42 gold pieces
 44822 | Elf:3    | Bought a scroll of teleportation for 42 gold pieces
 44964 | Elf:3    | Received a gift from Okawaru
 45139 | Elf:3    | Received a gift from Okawaru
 45221 | Elf:3    | Identified the +3 quarterstaff "Xaniuhi" {venom, *Slow
                  | rPois rCorr Int+3}
 45336 | Arena    | Entered the Arena
 45416 | Elf:3    | Identified the +6 spear of the Disturbing Beds {vorpal,
                  | rN++}
 45419 | Elf:3    | Identified the amulet of Hospitality {Reflect rElec Regen+
                  | rCorr Dex-4 SH+5}
 45433 | Elf:3    | Reached skill level 15 in Dodging
 45480 | Elf:3    | Cast into level 3 of the Abyss (a deep elf demonologist)
 45499 | Abyss:3  | Found a corrupted altar of Lugonu.
 45546 | Elf:3    | Escaped the Abyss
 45667 | Elf:3    | Cast into level 4 of the Abyss (a deep elf sorcerer)
 45667 | Abyss:4  | Found a corrupted altar of Lugonu.
 45804 | Abyss:4  | Found a corrupted altar of Lugonu.
 45913 | Elf:3    | Escaped the Abyss
 46032 | Elf:3    | Identified the ring of Reakic {Fire Int+2}
 46120 | Arena    | Entered the Arena
 46800 | Vaults:1 | Entered Level 1 of the Vaults
 46832 | Vaults:1 | Received a gift from Okawaru
 47676 | Vaults:1 | Received a gift from Okawaru
 47776 | Vaults:1 | Reached skill level 21 in Fighting
 47840 | Vaults:1 | Received a gift from Okawaru
 47912 | Vaults:1 | Noticed Asterion
 47922 | Vaults:1 | Killed Asterion
 48252 | Vaults:1 | Received a gift from Okawaru
 48521 | Vaults:1 | Identified the +0 chain mail of the Good {rElec rPois
                  | Dex+4}
 48839 | Vaults:2 | Found Umeimm's Magic Scroll Emporium.
 48903 | Vaults:2 | Bought a scroll of magic mapping for 63 gold pieces
 48903 | Vaults:2 | Bought a scroll of fog for 36 gold pieces
 49020 | Vaults:2 | Received a gift from Okawaru
 49076 | Vaults:2 | Reached XP level 21. HP: 190/204 MP: 1/29
 49222 | Vaults:2 | Identified the +2 cloak "Silom" {god gift, rF- Str+4 Int+2
                  | Dex+4} (Okawaru gifted it to you on level 2 of the Vaults)
 49222 | Vaults:2 | Received a gift from Okawaru
 50683 | Vaults:3 | Reached skill level 22 in Fighting
 50864 | Vaults:3 | Identified the +0 pair of boots "Pacvonoo" {god gift, Will+
                  | Int+3} (Okawaru gifted it to you on level 3 of the Vaults)
 50864 | Vaults:3 | Received a gift from Okawaru
 51131 | Vaults:3 | Noticed Tang's ghost (master DsGl)
 51132 | Vaults:3 | Found a runed translucent gate.
 51132 | Vaults:3 | Found a runed translucent gate.
 51132 | Vaults:3 | Found a runed translucent gate.
 51146 | Vaults:3 | You fall into a shaft and drop 1 floor!
 51555 | Vaults:3 | Identified the +2 storm dragon scales of the Sky {rElec rC-
                  | Int+5 Stlth+}
 52075 | Vaults:3 | Found Fossum's Weapon Boutique.
 52153 | Vaults:3 | Reached XP level 22. HP: 217/217 MP: 1/30
 52454 | Vaults:3 | Found a staircase to the Crypt.
 52538 | Vaults:4 | Noticed Margery
 52562 | Vaults:4 | Killed Margery
 52749 | Vaults:4 | Received a gift from Okawaru
 52975 | Vaults:4 | Identified the +8 tower shield of Akaynwuzxo {Dex+3}
 52975 | Vaults:4 | Noticed Mennas
 53020 | Vaults:4 | Killed Mennas
 53763 | Vaults:4 | Found a portal to a secret trove of treasure.
 53785 | Vaults:4 | You paid a toll of 17 potions of curing to enter a treasure
                  | trove
 53786 | Trove    | Entered a treasure trove
 53786 | Trove    | Found the dreamshard necklace {*Dream Drain}
 53790 | Trove    | Identified the ring of the Rabble {+Blink rN+ rCorr Str-2
                  | Dex+5}
 53798 | Trove    | Identified the amulet "Mitimoqinwi" {Reflect +Blink rF+ rC+
                  | MP-9 SH+5}
 53806 | Trove    | Identified the amulet "Tusana" {rN+ Regen+ rCorr Stlth+}
 53810 | Trove    | Identified the ring of Nooffeem {Fly Int+6 Dex+4}
 53815 | Trove    | Identified the amulet "Cutaloym" {Reflect rCorr Int+2 Dex-5
                  | SH+5}
 53817 | Trove    | Identified the ring of Izacwuti {rF+ Will+}
 53819 | Trove    | Identified the ring of Udotwap {Fly rN++ rCorr Str-5 SInv}
 53902 | Vaults:4 | Noticed Boris
 54260 | Elf:3    | Bought a scroll of enchant weapon for 105 gold pieces
 54260 | Elf:3    | Bought a scroll of enchant armour for 105 gold pieces
 54870 | Depths:1 | Entered Level 1 of the Depths
 54873 | Depths:1 | Found a shadowy altar of Dithmenos.
 55335 | Depths:1 | Found a gateway to Hell.
 55407 | Depths:1 | Reached skill level 23 in Fighting
 55463 | Depths:1 | Identified the +7 great sword "Itsyegyn" {antimagic, rN+
                  | rCorr Dex-5}
 55990 | Depths:1 | Noticed Louise
 56013 | Depths:1 | Killed Louise
 56380 | Depths:1 | Found an ancient bone altar of Kikubaaqudgha.
 56641 | Depths:2 | Found Doocof's General Store.
 56641 | Depths:2 | Found Regriwn's Antique Armour Boutique.
 56654 | Depths:2 | Bought a potion of curing for 45 gold pieces
 56654 | Depths:2 | Bought a potion of curing for 45 gold pieces
 56654 | Depths:2 | Bought a scroll of fear for 52 gold pieces
 56702 | Depths:2 | Noticed Nikola
 56717 | Depths:2 | Killed Nikola
 56822 | Depths:2 | Found a one-way gate leading to the halls of Pandemonium.
 57115 | Depths:2 | Received a gift from Okawaru
 58002 | Depths:2 | Found a shadowy altar of Dithmenos.
 58037 | Depths:2 | Identified the +18 shadow dragon scales of Yredelemnul
                  | {+Blink Int+3 Slay+2 Stlth++++}
 58276 | Depths:3 | Reached XP level 23. HP: 222/223 MP: 1/31
 58392 | Depths:3 | Noticed Vv
 58465 | Depths:3 | Killed Vv
 58474 | Depths:3 | Found Nuret's Assorted Antiques.
 58656 | Depths:3 | Found an opulent altar of Gozag.
 58659 | Depths:3 | Received a gift from Okawaru
 59190 | Depths:3 | Noticed a juggernaut
 59204 | Depths:3 | Killed a juggernaut
 59204 | Depths:3 | Received a gift from Okawaru
 59650 | Depths:4 | Found an iron altar of Okawaru.
 59712 | Depths:4 | Found a gate to the Realm of Zot.
 59762 | Depths:3 | Identified the +1 robe "Wis Jud" {god gift, Dex+2} (Okawaru
                  | gifted it to you on level 3 of the Depths)
 59762 | Depths:3 | Received a gift from Okawaru
 59844 | Depths:4 | Noticed Mara
 59854 | Depths:4 | Noticed fictitious's illusion
 59927 | Arena    | Entered the Arena
 59928 | Arena    | Noticed fictitious's illusion
 59958 | Arena    | Killed Mara
 59959 | Arena    | Reached skill level 24 in Fighting
 60287 | Depths:4 | Found a one-way gateway to a ziggurat.
 60771 | Vaults:5 | Entered Level 5 of the Vaults
 60850 | Vaults:5 | Noticed a dread lich
 60882 | Vaults:5 | Killed a dread lich
 60962 | Vaults:5 | Identified the +7 dagger of Oliniply {speed, rPois rC+
                  | rCorr Dex+4 SInv}
 60998 | Vaults:5 | Identified the +6 fustibalus "Kayxken" {vorpal, Will+ Str+3
                  | Int-5}
 61062 | Vaults:5 | Identified the +7 long sword of Qoinewae {elec, Dex+3}
 61063 | Vaults:5 | Identified the +6 scale mail "Beloydes" {god gift, rN+
                  | Str+2 Stlth+} (Okawaru gifted it to you on level 5 of the
                  | Vaults)
 61063 | Vaults:5 | Received a gift from Okawaru
 61089 | Vaults:5 | Noticed a dread lich
 61302 | Vaults:5 | Reached XP level 24. HP: 224/237 MP: 0/31
 61407 | Vaults:5 | Identified the +2 hand crossbow of the Tomato {vorpal,
                  | rPois rCorr}
 61412 | Vaults:5 | Identified the amulet "Piuweakh" {Faith Fly Str+2 Dex-3
                  | Slay+3}
 61504 | Vaults:5 | Got a silver rune of Zot
 61893 | Vaults:4 | Killed a dread lich
 61974 | Vaults:5 | Reached skill level 15 in Throwing
 61974 | Vaults:5 | Noticed a dread lich
 62026 | Arena    | Entered the Arena
 62035 | Arena    | Killed a dread lich
 62534 | Vaults:5 | Found the +2 hat of the Bear Spirit {Spirit, *Rage Will++}
 62644 | Vaults:5 | Identified the +1 ring mail "Myqigorph" {Str+3}
 63013 | Vaults:5 | Identified the +2 rapier of the Harvest {elec, rPois
                  | Will+++ Str-4 SInv}
 63032 | Vaults:5 | Identified the +10 plate armour "Kach" {*Corrode +Blink Fly
                  | Str-5}
 63603 | D:12     | Received a gift from Okawaru
 63624 | D:12     | Killed SoEpicPie's ghost
 63881 | Zot:1    | Entered Level 1 of the Realm of Zot
 64260 | Zot:1    | Noticed a Killer Klown
 64273 | Zot:1    | Noticed a Killer Klown
 64274 | Zot:1    | Noticed a Killer Klown
 64283 | Zot:1    | Killed a Killer Klown
 64289 | Zot:1    | Identified the +0 tower shield "Lyitrooja" {god gift, rN++
                  | Int-2 Slay+5} (Okawaru gifted it to you on level 1 of the
                  | Realm of Zot)
 64289 | Zot:1    | Received a gift from Okawaru
 64292 | Zot:1    | Killed a Killer Klown
 64295 | Zot:1    | Killed a Killer Klown
 64727 | Zot:1    | Identified the +6 chain mail "Xooploff" {Contam Will+
                  | Slay+3}
 65838 | Zot:3    | Found a transporter.
 65839 | Zot:3    | Noticed an ancient lich
 65846 | Zot:3    | Noticed Ytolar's ghost (legendary DsFi)
 65847 | Zot:3    | Noticed a dread lich
 66087 | Zot:3    | Found a transporter.
 66144 | Zot:3    | Reached XP level 25. HP: 245/245 MP: 31/31
 66190 | Zot:3    | Identified the +4 chain mail of Sunlight {god gift, Regen+}
                  | (Okawaru gifted it to you on level 3 of the Realm of Zot)
 66190 | Zot:3    | Received a gift from Okawaru
 67762 | Zot:5    | Entered Level 5 of the Realm of Zot
 68455 | Zot:5    | Noticed an orb of fire
 68461 | Zot:5    | Noticed a Killer Klown
 68471 | Arena    | Entered the Arena
 68477 | Arena    | Killed an orb of fire
 68482 | Zot:5    | Noticed a dread lich
 68482 | Zot:5    | Noticed a Killer Klown
 68485 | Zot:5    | Killed a Killer Klown
 68495 | Zot:5    | Noticed an ancient lich
 68497 | Zot:5    | Noticed a Killer Klown
 68509 | Zot:5    | Killed an ancient lich
 68516 | Zot:5    | Killed a dread lich
 68518 | Zot:5    | Killed a Killer Klown
 68656 | Zot:5    | a Killer Klown changed into a rockslime
 68690 | Zot:5    | Noticed a dread lich
 68702 | Zot:5    | Noticed a Killer Klown
 68713 | Zot:5    | Killed a Killer Klown
 68714 | Arena    | Entered the Arena
 68718 | Arena    | Killed a dread lich
 68754 | Zot:5    | Noticed a dread lich
 68770 | Zot:5    | Killed a dread lich
 68810 | Zot:5    | Noticed an ancient lich
 68822 | Zot:5    | Killed an ancient lich
 68822 | Zot:5    | Received a gift from Okawaru
 68959 | Zot:5    | Reached skill level 25 in Fighting
 68983 | Zot:5    | Noticed an orb of fire
 68989 | Zot:5    | Killed an orb of fire
 68989 | Zot:5    | Received a gift from Okawaru
 69076 | Zot:5    | Identified the +6 glaive of Might {elec, *Noise rF+ rN+
                  | Will+}
 69157 | Zot:5    | Got the Orb of Zot
 69440 | D:11     | Noticed Moracsergho the pandemonium lord
 69519 | D:9      | Noticed Haunargh the pandemonium lord
 69591 | D:9      | Killed Haunargh the pandemonium lord
 69730 | D:4      | Received a gift from Okawaru
 69731 | D:4      | Reached XP level 26. HP: 217/258 MP: 27/31
 69836 | D:$      | Escaped with the Orb!

Illustrated notes

Levels and vault maps discovered:
D:1:      lemuel_arrival_broad_hall, layout_loops_cross, hangedman_decor_points,
          hangedman_decor_growths
D:2:      layout_basic, minmay_misc_feat_cross
D:3:      layout_loops_ring, minmay_box_of_dots, uniq_crazy_yiuf_cottage,
          uniq_jessica, uniq_natasha
D:4:      layout_basic, minmay_temple_entry_antechambers,
          kennysheep_cluttered_room, fedhas_altar_2
D:5:      layout_basic, minmay_guarded_unrand_staff_of_olgreb, uniq_eustachio,
          uniq_grinder
D:6:      layout_basic, tgw_xom, sigmund_edmund_badplayer
D:7:      layout_cave_pools, hangedman_glass_teeth
D:8:      layout_loops_ring, mainiacjoe_overflow_surrounded_room, serial_shops,
          nicolae_take_the_stairs, gammafunk_ghost_wrathful_warriors, uniq_grum,
          uniq_maurice, uniq_amaemon
D:9:      layout_big_octagon, kennysheep_minor_cross, water_boxes_lemuel
D:10:     layout_roguey [special_room_bee], david_lair_generic, orc_0_dummy,
          kennysheep_another_room, uniq_nergalle, uniq_urug
D:11:     layout_irregular_city, gauntlet_entry_generic,
          minmay_unpleasant_kobolds
D:12:     layout_roguey, nzn_ghost_randoct,
          nicolae_concentric_dashed_squares_mild, laboratory
D:13:     layout_loops_corners, lightli_vaults_fourway_checkpoint,
          beargit_elvish_explorers
D:14:     layout_cave_pods, palyth_stone_intersect, grunt_decor_arrowhead,
          uniq_kirke, uniq_snorg
D:15:     grunt_enter_depths_magical_seal, layout_basic, serial_bayou,
          serial_bayou_shore_a, serial_bayou_pond_d, serial_bayou_lake_a,
          serial_bayou_shore_b, minivault_23
Temple:   regret_index_temple_chain_breaker
Lair:1:   layout_cave_pods, gammafunk_ghost_arena
Lair:2:   layout_misc_corridors, minmay_shoals_entry_centaurs,
          grunt_megastairs_4, serial_bayou_shore_b
Lair:3:   layout_cave_pods, dreamdust_mushroom_princess
Lair:4:   layout_regular_city, dummy_snake_entry,
          nicolae_quartered_pool_impasse, serial_bayou_shore_b
Lair:5:   layout_gridlike, slime_altar_1
Lair:6:   hellmonk_lair_end_abyssal_woods, layout_cave_pods, serial_forest,
          infiniplex_forest_clump_curved, infiniplex_forest_side_room,
          infiniplex_forest_lined_4_way, infiniplex_forest_clump_large,
          infiniplex_forest_clump_small, infiniplex_forest_zigzag_1,
          lightli_volcano_entry_magma_tube, infiniplex_staircase_pool_2
Shoals:1: layout_shoals
Shoals:2: layout_shoals, uniq_ilsuiw
Shoals:3: layout_shoals
Shoals:4: shoals_end_hellmonk_storm_palace [storm_palace_center_ruins,
          storm_palace_corner_reverse_hut, storm_palace_corner_narrow,
          storm_palace_corner_grid, storm_palace_corner_grid]
Snake:1:  layout_cave_shapes, guppyfry_library_mini
Snake:2:  layout_layer_cave, uniq_aizul
Snake:3:  nicolae_snake_crotalidae_crossing, layout_cave_town,
          gammafunk_ghost_necromancy
Snake:4:  snake_pit, layout_chambers
Orc:1:    layout_caves, hellmonk_ghost_happy_afterlife, special_room
          [special_room_orc], hellmonk_bongcloud_opening
Orc:2:    st_orc_pillars, layout_diamond_mine, serial_shops,
          nicolae_shop_statue_plus, mines4_lemuel
Elf:1:    layout_geoelf_octagon, hellmonk_ghost_big_iron,
          hangedman_elven_crosses_minicolossus, nicolae_elf_big_sculpture_2,
          minmay_the_grid_2x2 [minmay_the_grid_paths, minmay_the_grid_mess,
          minmay_the_grid_holed_spiral, minmay_the_grid_prize_four_corners]
Elf:2:    elven_hall_of_blades_hangedman_alternative
          [nicolae_blade_entry_crossed_weapons], layout_loops_corners,
          minivault_8
Elf:3:    minmay_elf_hall_furrowed, layout_geoelf_diagonals, serial_shops,
          nicolae_shop_behind_doors, special_room [special_room_orc],
          minivault_25_ag, nicolae_wooded_promenade, minivault_16
Vaults:1: vaults_dpeg_diagonal, vaults_room_boxed, v_misc_12, st_spiral_rooms,
          ontoclasm_vaults_decontamination, v_misc_2, hangedman_vaults_trim,
          nicolae_vaults_windows_and_doors_thing,
          nicolae_vaults_little_squares_6, vaults_room_pools,
          nicolae_vaults_network_barrier, vaults_room_grid,
          vaults_room_ringed_pool, vaults_dpeg_ring, ontoclasm_vaults_idyll,
          nicolae_vaults_little_squares_1, grunt_vaults_hallway_short,
          nicolae_vaults_little_ls, ontoclasm_vaults_loading_screen,
          layout_vaults_omnibox, uniq_asterion
Vaults:2: nicolae_vaults_inception_statues, v_misc_29, v_alt_pattern_2,
          vaults_room_corners, nicolae_vaults_theta,
          nicolae_vaults_ninety_degrees, nicolae_vaults_big_angled_halls,
          hangedman_vaults_nodes, nicolae_vaults_twisting_passages,
          nicolae_vaults_specimen_jars, layout_vaults_maze_bifur, serial_shops,
          shop
Vaults:3: biasface_ghost_orc_armoury, v_misc_22, vaults_room_corners,
          minmay_crypt_entry_skeletal_spiral, nicolae_vaults_little_squares_3,
          nicolae_vaults_alarming, nicolae_vaults_angled_halls, v_misc_18,
          nicolae_vaults_meeting, v_rooms_5, v_misc_33, v_rooms_3,
          ontoclasm_vaults_loading_screen, vaults_room_pools,
          layout_vaults_ring, serial_shops, nicolae_shop_statue_plus
Vaults:4: v_misc_30, nicolae_vaults_yaktaur_gun_rack,
          nicolae_vaults_display_case, ontoclasm_vaults_loading_screen,
          v_misc_28, hangedman_vaults_stagger, ontoclasm_vaults_chip,
          layout_vaults_omnigrid, enter_trove_3, uniq_mennas, uniq_boris,
          uniq_margery
Vaults:5: serial_shops
Depths:1: layout_honeycomb, nicolae_abyss_entry_one_way_or_another, hellmouth_3,
          nicolae_dithmenos_through_a_glass_darkly, serial_bayou,
          serial_bayou_pond_c, serial_bayou_lagoon_a, serial_bayou_pond_e,
          serial_bayou_pond_d, hangedman_decor_diamond_cutter,
          kennysheep_vampire_church
Depths:2: regret_index_dithmenos_brocken_genspenst, layout_cave_shapes,
          serial_bayou_pond_e, grunt_hell_entry_dis_mu, rand_demon_pan_entry_5,
          grunt_megastairs_2, minmay_shoptagon, infiniplex_staircase_zigzag_1,
          firewood_loft, uniq_nikola
Depths:3: minmay_open_boxes_in_corner, layout_gridlike, serial_shops,
          shop_statue, abyss_entry_glasseish, hell_entry,
          nicolae_gozag_cash_rules_everything_around_me,
          infiniplex_staircase_zigzag_3, uniq_vv
Depths:4: nooodl_glass_maze, layout_cave_pools, enter_ziggurat_d,
          rand_demon_pan_entry_1, hell_entry, okawaru_gym_becter, uniq_mara
Zot:1:    circus_mu, layout_basic
Zot:2:    layout_twisted_circle, amethyst_zot_foddershock
Zot:3:    layout_gridlike, gammafunk_ghost_mausoleum
Zot:4:    layout_onion, skrybe_zot_glass_2
Zot:5:    layout_cellular_growth

Skill      XL: |  1  2  3  4  5  6  7  8  9 10 11 12 13 14 15 16 17 18 19 20 21 22 23 24 25 |
---------------+----------------------------------------------------------------------------+-----
Axes           | 3 4 5 6 7 8 9 10 11 13 14 15 16 17 18 19 20 21 23 24 | 24.6
Shields        | 4 6 8 9 10 12 14 15 16 17 18 19 20 21 | 21.4
Fighting       | 4 5 8 10 12 13 15 16 17 18 20 21 22 23 24 25 | 25.1
Armour         | 4 5 6 9 11 12 13 14 15 16 17 18 19 20 21 | 21.4
Invocations    | 3 6 8 9 10 11 12 | 12.0
Maces & Flails | 3 8 9 |  9.3
Dodging        | 2 4 5 7 8 10 12 14 16 17 18 20 21 | 21.2
Throwing       | 3 6 7 9 10 11 12 13 14 16 17 | 17.4

Action                   |  1- 3 |  4- 6 |  7- 9 | 10-12 | 13-15 | 16-18 | 19-21 | 22-24 | 25-27 || total
-------------------------+-------+-------+-------+-------+-------+-------+-------+-------+-------++-------
Melee: War axe           |    81 |   141 |   315 |   107 |    84 |  1018 |  1356 |   277 |       ||  3379
       Headbutt          |    12 |    25 |    73 |   163 |   250 |   454 |   365 |   510 |   119 ||  1971
       Demon whip        |       |       |       |   397 |     8 |     6 |       |       |       ||   411
       Hand axe          |       |       |       |   170 |   900 |   681 |       |       |       ||  1751
       Broad axe         |       |       |       |       |       |       |       |  1338 |   474 ||  1812
Throw: Stone             |     4 |     4 |     5 |       |       |       |       |       |       ||    13
       Boomerang         |       |       |       |     4 |       |     4 |    22 |       |       ||    30
       Javelin           |       |       |       |       |       |       |    49 |    54 |    18 ||   121
Invok: Heroism           |       |       |     5 |    16 |    15 |    18 |    13 |    28 |     9 ||   104
       Finesse           |       |       |       |     3 |    10 |    21 |    12 |    21 |     4 ||    71
       Duel              |       |       |       |       |       |     1 |     2 |     2 |     2 ||     7
 Abil: Evoke Blink       |       |       |       |       |       |       |       |     1 |       ||     1
Evoke: Wand              |       |       |       |     3 |     1 |       |       |       |       ||     4
  Use: Scroll            |     1 |     8 |     9 |    10 |     8 |     5 |     7 |    12 |     8 ||    68
       Potion            |       |     2 |     2 |     4 |     1 |     4 |       |     8 |    11 ||    32
 Stab: Sleeping          |       |       |     2 |       |       |       |       |     3 |       ||     5
       Petrified         |       |       |       |       |       |     1 |     2 |       |       ||     3
       Invisible         |       |       |       |       |       |       |       |     7 |       ||     7
Armor: Scale mail        |     5 |       |       |       |       |       |       |       |       ||     5
       Ring mail         |    30 |    32 |    55 |       |       |       |       |       |       ||   117
       Skin              |       |     7 |       |    23 |       |       |       |       |       ||    30
       Leather armour    |       |       |    18 |    47 |       |       |       |       |       ||    65
       Chain mail        |       |       |       |    96 |   226 |   259 |       |       |       ||   581
       Plate armour      |       |       |       |       |       |   110 |   226 |   132 |       ||   468
       Shadow dragon sca |       |       |       |       |       |       |       |   288 |   144 ||   432
Dodge: Dodged            |    41 |    56 |    77 |   164 |   216 |   328 |   272 |   319 |   148 ||  1621
Block: Kite shield       |    15 |    29 |   197 |   349 |   368 |       |       |       |       ||   958
       Tower shield      |       |       |       |       |   298 |  1790 |  1413 |  1678 |   543 ||  5722
       Reflection        |       |       |       |       |       |       |    47 |    28 |    11 ||    86

Table legend: (Time is in decaauts)
 A = Elapsed time spent in this place.
 B = Non-inter-level travel time spent in this place.
 C = Inter-level travel time spent in this place.
 D = Time resting spent in this place.
 E = Time spent auto-exploring this place.
 F = Levels seen in this place.
 G = Mean time per level.
                   A        B        C        D        E       F      G
               +--------+--------+--------+--------+--------+-----+--------+
         Total |  68183 |  62676 |   5507 |   9432 |  31837 |  61 | 1117.8 |
       Dungeon |  22394 |  19975 |   2419 |   5126 |  10034 |  15 | 1492.9 |
        Temple |     91 |     79 |     12 |      0 |     60 |   1 |   91.0 |
          Lair |   6853 |   6316 |    537 |   1229 |   3341 |   6 | 1142.2 |
        Shoals |   3988 |   3787 |    201 |    488 |   1788 |   4 |  997.0 |
     Snake Pit |   5416 |   5048 |    368 |    796 |   2067 |   4 | 1354.0 |
  Orcish Mines |   1535 |   1379 |    156 |      0 |    780 |   2 |  767.5 |
   Elven Halls |   6091 |   5778 |    313 |    557 |   3362 |   3 | 2030.3 |
        Vaults |   9919 |   8986 |    933 |    385 |   5394 |   5 | 1983.8 |
        Depths |   5599 |   5157 |    442 |    308 |   2944 |   4 | 1399.8 |
           Zot |   5279 |   5156 |    123 |    506 |   1910 |   5 | 1055.8 |
         Abyss |    295 |    295 |      0 |      0 |      0 |   2 |  147.5 |
         Trove |     48 |     48 |      0 |      0 |      0 |   1 |   48.0 |
       Volcano |    181 |    181 |      0 |      0 |      0 |   1 |  181.0 |
      Gauntlet |    380 |    380 |      0 |      0 |    155 |   1 |  380.0 |
         Arena |    107 |    107 |      0 |     34 |      0 |   7 |   15.3 |
               +--------+--------+--------+--------+--------+-----+--------+

Top non-repeatable levels by time:
     D:8: 2365 daAuts
   Elf:3: 2347 daAuts
    D:10: 2253 daAuts
Vaults:5: 2234 daAuts
     D:9: 2151 daAuts
Vaults:3: 2101 daAuts
Vaults:1: 2076 daAuts
   Elf:1: 1969 daAuts
  Lair:6: 1889 daAuts
Vaults:2: 1825 daAuts
   Elf:2: 1774 daAuts
    D:13: 1746 daAuts
Depths:1: 1735 daAuts
Vaults:4: 1681 daAuts
Depths:2: 1618 daAuts
